 Dungeon Crawl Stone Soup version 0.19.5 (webtiles) character file.

19 Haldmier the Ogre Mage (level 2, 0/27 HPs)
             Began as an Ogre Wizard on May 13, 2017.
             Slain by a jackal (3 damage)
             ... on level 1 of the Dungeon.
             The game lasted 00:03:32 (873 turns).

Haldmier the Ogre Mage (Ogre Wizard)                 Turns: 873, Time: 00:03:33

Health: 0/27       AC:  3    Str: 11    XL:     2   Next: 75%
Magic:  1/7        EV: 10    Int: 17    God:
Gold:   45         SH:  0    Dex:  8    Spells: 3 memorised, 4 levels left

rFire  . . .     SeeInvis .     f - +0 club
rCold  . . .     Gourm    .     a - +0 robe
rNeg   + . .     Faith    .     (no shield)
rPois  .         Spirit   .     b - +0 hat
rElec  .         Reflect  .     (no cloak)
rCorr  .         Harm     .     (gloves unavailable)
MR     .....                    (boots unavailable)
Stlth  +.........               (no amulet)
                                (no ring)
                                k - ring of positive energy

@: very slightly contaminated
A: unfitting armour, tough skin 1
a: no special abilities


You were on level 1 of the Dungeon.
You were not hungry.

You visited 1 branch of the dungeon, and saw 1 of its levels.

You collected 45 gold pieces.

Inventory:

Hand Weapons
 f - a +0 club (weapon)
 j - a +0 spear
Armour
 a - a +0 robe (worn)
 b - a +0 hat (worn)
Jewellery
 k - a ring of positive energy (left hand)
Scrolls
 e - a scroll of magic mapping {unknown}
 h - a scroll of enchant armour {unknown}
Books
 c - a book of Minor Magic

   Spells                             Type                      Level
   a - Magic Dart                     Conjuration                  1
   b - Blink                          Translocation                2
   c - Call Imp                       Summoning                    2
   d - Repel Missiles                 Charms/Air                   2
   e - Slow                           Hexes                        2
   f - Conjure Flame                  Conjuration/Fire             3
   g - Mephitic Cloud                 Conjuration/Poison/Air       3
Comestibles
 d - a bread ration
 g - 4 chunks of flesh
 i - a meat ration


   Skills:
 + Level 1.3 Fighting
 * Level 0.6 Maces & Flails
 - Level 1.7 Dodging
 - Level 1.4 Stealth
 + Level 4.0 Spellcasting
 + Level 1.0 Conjurations
 + Level 0.6 Summonings
 + Level 0.7 Translocations


You had 4 spell levels left.
You knew the following spells:

 Your Spells              Type           Power        Failure   Level  Hunger
a - Magic Dart            Conj           #...         12%         1    None
b - Blink                 Tloc           N/A          21%         2    ##.....
c - Call Imp              Summ           #.......     21%         2    ##.....


Dungeon Overview and Level Annotations

Branches:
Dungeon (1/15)

Altars:


Innate Abilities, Weirdness & Mutations

You are too large for most types of armour.
You have tough skin. (AC +1)


Message History

You miss the kobold. The jackal barely misses you.
The kobold hits you with a short sword.
* * * LOW HITPOINT WARNING * * *
The jackal closely misses you. x2
You take 3 damage, and have 7/27 hp.
You barely miss the kobold. The jackal barely misses you. x2
The kobold hits you with a short sword.
* * * LOW HITPOINT WARNING * * *
The jackal bites you.
* * * LOW HITPOINT WARNING * * *
The jackal barely misses you.
The jackal bites you but does no damage.
The kobold completely misses you.
You take 3 damage, and have 4/27 hp.
You closely miss the kobold. The jackal barely misses you.
The jackal bites you but does no damage.
The jackal bites you.
* * * LOW HITPOINT WARNING * * *
The jackal closely misses you. The jackal bites you.
You die...

##.##........#
#....# #..
..........# #....#
#.. ###........#
#....# #.. ..
..........# #....#
### .. ##........#
###### ..
..)(#(..### .##
###.#...# ##.. .
#hh.#
...#############@h.#
#..............K####
########
#....#..........#
#.......
#...............#
#.......
#.##.#......)...#
#.......
#.#...........###
##...##.
#.............#
#[..#..
###......(....#
#...#..
#...........#
#...#.#


You could see 3 jackals and a kobold.

Vanquished Creatures
  A bat (D:1)
  4 goblins (D:1)
  4 hobgoblins (D:1)
  3 jackals (D:1)
  A frilled lizard (D:1)
  3 rats (D:1)
16 creatures vanquished.

Notes
Turn   | Place    | Note
-------+----------+-------------------------------------------
     0 | D:1      | Haldmier the Ogre Wizard began the quest for the Orb.
     0 | D:1      | Reached XP level 1. HP: 16/16 MP: 5/5
   106 | D:1      | Reached skill level 1 in Fighting
   253 | D:1      | Reached XP level 2. HP: 27/27 MP: 2/6
   257 | D:1      | Learned a level 2 spell: Blink
   260 | D:1      | Learned a level 2 spell: Call Imp
   677 | D:1      | Reached skill level 1 in Conjurations
   867 | D:1      | Reached skill level 4 in Spellcasting
   873 | D:1      | Slain by a jackal

Skill      XL: |  1  2 |
---------------+-------+-----
Fighting       | 1 |  1.3
Conjurations   | 1 |  1.0
Spellcasting   | 4 |  4.0
Maces & Flails | |  0.6
Dodging        | |  1.7
Stealth        | |  1.4
Summonings     | |  0.6
Translocations | |  0.7

Action                   || total
-------------------------++-------
Melee: Club              ||    50
 Cast: Magic Dart        ||    30
Armor: Robe              ||    21
Dodge: Dodged            ||    50
